 Dungeon Crawl Stone Soup version 0.28.0-45-g0d030f2227 (webtiles) character file.

Game seed: 3439677595889976765

34719 MisterFreud the Transmogrifier (level 11, -7/112 HPs)
             Began as a White Draconian Transmuter on Apr 13, 2022.
             Was a High Priest of Ru.
             Engulfed by a cloud of flame (31 damage)
             ... on level 5 of the Lair of Beasts.
             The game lasted 00:33:24 (23318 turns).

MisterFreud the Transmogrifier (DrTm)              Turns: 23318, Time: 00:33:25

Health: -7/112     AC:  8    Str: 14    XL:     11   Next: 43%
Magic:  0/18       EV: 14    Int: 16    God:    Ru [*****.]
Gold:   938        SH:  0    Dex: 13    Spells: 8/20 levels left

rFire   x . .      SeeInvis .     - Unarmed
rCold   + + +      Faith    .   (shield currently unavailable)
rNeg    . . .      Spirit   +   (armour unavailable)
rPois   +          Reflect  .   (helmet currently unavailable)
rElec   .          Harm     .   (cloak currently unavailable)
rCorr   .          Rampage  .   (gloves currently unavailable)
Will    .....                   (boots currently unavailable)
Stlth   +.........              o - amulet of guardian spirit
HPRegen 0.28/turn               e - ring of wizardry
MPRegen 0.16/turn               S - +4 ring of slaying

@: ice-form
A: freezing attack, amphibious, boosted hp, (breathe frost), AC +7, large,
unfitting armour, (cold resistance 1), (cold-blooded), hated by all, unskilled
1, inexperienced 1
a: End Transformation, Renounce Religion, Draw Out Power, Power Leap, Apocalypse


You were on level 5 of the Lair of Beasts.
You worshipped Ru.
Ru was extremely pleased with you.
You were a creature of crystalline ice.
You visited 3 branches of the dungeon, and saw 17 of its levels.

You collected 977 gold pieces.
You spent 39 gold pieces at shops.

Inventory:

Missiles
 b - 5 boomerangs
 f - 22 javelins
 t - 22 poisoned darts (quivered)
 T - 3 curare-tipped darts
Armour
 v - a +1 pair of gloves (melded)
 y - a +1 cloak
 N - a +0 pair of boots (melded)
 R - the +0 cloak of the Sky (melded) {+Blink rF- rN+ Dex+4 Slay+2}
   (You found it on level 1 of the Lair of Beasts)

   Dex:       It affects your dexterity (+4).
   Slay:      It affects your accuracy & damage with ranged weapons and melee
   (+2).
   rF:        It makes you vulnerable to fire.
   rN:        It protects you from negative energy.
   +Blink:    It lets you blink.
Jewellery
 e - a ring of wizardry (left front paw)
 i - a ring of see invisible
 o - an amulet of guardian spirit (around neck)
 D - the ring "Xatuokuc" {*Corrode Fly Int+6}
   (You took it off an orc on level 8 of the Dungeon)

   [ring of flight]

   Int:       It affects your intelligence (+6).
   Fly:       It grants you flight.
   *Corrode:  It may corrode you when you take damage.
 E - a ring of magical power
 J - a ring of fire
 K - a ring of protection from cold
 S - a +4 ring of slaying (right front paw)
Wands
 s - a wand of polymorph (8)
 w - a wand of digging (22)
 x - a wand of paralysis (13)
 A - a wand of flame (57)
 G - a wand of iceblast (2)
 I - a wand of charming (4)
Scrolls
 j - 5 scrolls of teleportation
 l - 6 scrolls of vulnerability
 m - 2 scrolls of fog
 p - a scroll of silence {unknown}
 u - a scroll of torment {unknown}
 C - a scroll of summoning {unknown}
 H - 3 scrolls of amnesia {unknown}
 L - 4 scrolls of fear {unknown}
 M - a scroll of enchant weapon {unknown}
 O - a scroll of magic mapping {unknown}
 Q - 3 scrolls of identify
Potions
 a - 3 potions of haste
 c - 2 potions of cancellation
 d - 5 potions of flight
 g - 6 potions of heal wounds
 h - 2 potions of degeneration
 n - a potion of berserk rage
 q - a potion of magic
 r - 2 potions of resistance {unknown}
 z - 3 potions of curing
 B - a potion of lignification {unknown}
 F - 2 potions of brilliance
 P - 3 potions of attraction
 U - a potion of mutation {unknown}
Miscellaneous
 k - a condenser vane (inert)


   Skills:
 - Level 8.0 Fighting
 - Level 10.0 Dodging
 - Level 10.0 Unarmed Combat
 - Level 5.0 Spellcasting
 - Level 10.8 Transmutations
 - Level 4.0 Ice Magic
 + Level 7.9 Evocations


You had 8 spell levels left.
You knew the following spells:

 Your Spells              Type           Power      Damage    Failure   Level
a - Beastly Appendage     Tmut           76%        N/A       1%          1
b - Wereblood             Tmut           38%        N/A       1%          2
c - Blink                 Tloc           8%         N/A       9%          2
d - Spider Form           Tmut/Pois      21%        N/A       1%          3
e - Ice Form              Ice/Tmut       27%        N/A       3%          4

Your spell library contained the following spells:

 Spells                   Type           Power      Damage    Failure   Level
 Passwall                 Tmut/Erth      17%        N/A       1%          2
 Ensorcelled Hibernation  Hex/Ice        20%        N/A       4%          2
 Apportation              Tloc           8%         N/A       6%          1
 Pain                     Necr           16%        1d4       6%          1
 Slow                     Hex            16%        N/A       6%          1
 Petrify                  Tmut/Erth      21%        N/A       7%          4
 Sublimation of Blood     Necr           4%         N/A       9%          2
 Confusing Touch          Hex            4%         N/A       17%         3
 Lesser Beckoning         Tloc           4%         N/A       17%         3
 Swiftness                Air            4%         N/A       17%         3
 Vampiric Draining        Necr           4%         2d6       17%         3
 Irradiate                Conj/Tmut      10%        3d17      19%         5
 Anguish                  Hex/Necr       2%         N/A       50%         4
 Fulminant Prism          Conj/Hex       2%         3d6       50%         4
 Iskenderun's Mystic Bla  Conj/Tloc      4%         2d3       50%         4
 Borgnjor's Vile Clutch   Necr/Erth      2%         N/A       82%         5
 Fireball                 Conj/Fire      2%         3d4       82%         5
 Iskenderun's Battlesphe  Conj           4%         2d6       82%         5
 Lee's Rapid Deconstruct  Erth           2%         3d5*      82%         5
 Manifold Assault         Tloc           4%         N/A       82%         5
 Conjure Ball Lightning   Conj/Air       2%         3x3d6     100%        6
 Enfeeble                 Hex            2%         N/A       100%        7
 Orb of Destruction       Conj           2%         9d5       100%        7
 Borgnjor's Revivificati  Necr           2%         N/A       100%        8
 Animate Skeleton         Necr           Unusable   N/A       N/A         1
 Summon Small Mammal      Summ           Unusable   N/A       N/A         1
 Tukima's Dance           Hex            Unusable   N/A       N/A         3

Dungeon Overview and Level Annotations

Branches:
Dungeon (11/15)            Temple (1/1) D:7            Lair (5/6) D:9
  Swamp (0/4) Lair:2       Spider (0/4) Lair:3        Slime (0/5) Lair:5
    Orc: D:9-12

Altars:
Ashenzari
Cheibriados
Elyvilon
Hepliaklqana
Kikubaaqudgha
Okawaru
Qazlal
Ru
Trog
Uskayaw
Vehumet
Xom
Yredelemnul
Zin
The Shining One
Jiyva

Shops:
D:2 [   D:3 *

Annotations:
D:3 1 runed translucent door, Crazy Yiuf
D:4 2 runed translucent doors, kwass's ghost, novice GnFi
Lair:4 2 transporters, Plog's ghost, journeyman GrBe


Innate Abilities, Weirdness & Mutations

You are a creature of crystalline ice.
You have a powerful freezing melee attack.
You are amphibious.
Your maximum health is increased.
Your armour is entirely melded.
You are incapable of wielding weapons or throwing items.
((You can breathe waves of freezing cold which knock back foes.))
((Your icy white scales are hard. (AC +7)))
You cannot fit into any form of body armour.
((Your flesh is cold resistant. (rC+)))
((You are cold-blooded and may be slowed by cold attacks.))
You are hated by all.
You are somewhat unskilled. (-1 Apt)
You are somewhat inexperienced. (-2 XL)


Message History

The cane toad gives a loud, deep croak!
The cane toad croaks.
You hear an angry hiss.
Plog's ghost yells, "Who would have thought, even in death it is a pleasure to sever!"
There is a stone staircase leading down here.
You start resting.
HP restored.
You climb downwards.
There is a stone staircase leading up here.
There is an escape hatch in the floor here.
You now have 938 gold pieces (gained 21).
A fire crab is nearby!
The fire crab breathes flames at you. The blast of flame engulfs you!
The fire burns you terribly!
You are engulfed in blazing flames.
The fire crab begins to attack, but is stunned by your conviction!
The bush is engulfed in blazing flames.
Casting: Ice Form (dangerous; 3% risk of failure)
Confirm with . or Enter, or press ? or * to list all spells.
You turn into a creature of crystalline ice.
The +0 cloak of the Sky {+Blink rF- rN+ Dex+4 Slay+2} melds into your body.
Your +1 pair of gloves melds into your body.
Your +0 pair of boots melds into your body.
You hit the fire crab. You freeze the fire crab.
The fire crab is lightly wounded.
The fire crab breathes flames at you.
The blast of flame engulfs you but does no damage.
You hit the fire crab. You freeze the fire crab.
The fire crab is lightly wounded.
You are engulfed in blazing flames.
You focus your inner power and illuminate the fire crab in retribution!
The fire crab bites you!
You are engulfed in flames!
The fire burns you terribly! The fire crab barely misses you.
You pummel the fire crab!! You freeze the fire crab.
The fire crab is heavily wounded.
You are engulfed in blazing flames.
* * * LOW HITPOINT WARNING * * *
You pummel the fire crab!! You freeze the fire crab.
You kill the fire crab!
You are engulfed in blazing flames.
You die...

........#.............# #........
........##.P#P#P.####.# ##.......
P....+.#########.# ### #...####
##....#.# #.##.## #.#..#
#......### #...°P##### ###.##
.........# ##...##...# #..###
........P## ##..##°..# ##....#.#
..........# #P.°°°...####........
...>......###..#Y°....#..........
.............P.#°°.#.............
.............t..°.##....#.....)..
...........#.#..#####..##........
.........####...#.. ####.........
.####.....##.#..##Y #.....P......
## ####..#####.#..#...#.P.#.#...
#### ##..##.Y..#.#########
#....##.[..#


There were no monsters in sight!

Vanquished Creatures
  Josephine (Lair:5)
  2 hydras
  A catoblepas (Lair:5)
  2 boulder beetles (Lair:3)
  4 two-headed ogres
  3 death yaks
  A fire crab (Lair:5)
  A manticore (D:11)
  3 elephants (Lair:5)
  3 centaur zombies
  3 black mambas
  11 cane toads
  A yaktaur (Lair:3)
  4 komodo dragons
  2 rime drakes
  3 trolls
  2 tyrant leeches (Lair:2)
  A polar bear (Lair:4)
  16 blink frogs
  A shadow (D:11)
  4 wraiths (Lair:5)
  6 wyverns
  Eustachio (D:6)
  3 basilisks
  39 yaks
  Menkaure (D:7)
  A steam dragon (D:10)
  7 water moccasins
  Duvessa (D:6)
  A sky beast (D:8)
  4 orc warriors
  6 black bears
  2 ice beasts
  A necrophage (D:5)
  3 centaurs
  20 wolves
  2 phantoms (D:6)
  Blork the orc (D:4)
  11 bullfrogs
  A scorpion (D:4)
  2 water moccasin skeletons (D:5)
  Dowan (D:6)
  2 electric eels
  A howler monkey (D:9)
  4 hounds
  3 orc priests
  A jelly (D:5)
  2 gnoll shamans
  2 centaur skeletons
  A bullfrog skeleton (D:6)
  8 orc wizards
  Ijyb (D:4)
  An iguana (D:5)
  A killer bee zombie (D:6)
  9 gnolls
  4 adders
  An ufetubus (D:7)
  An adder skeleton (D:2)
  3 worms (D:2)
  2 dart slugs
  18 orcs
  4 giant cockroaches
  10 goblins
  9 hobgoblins
  4 quokkas
  9 ball pythons
  7 bats
  3 frilled lizards
  5 kobolds
  4 rats
303 creatures vanquished.

Vanquished Creatures (others)
  A catoblepas (Lair:4)
  Maggie (D:10)
  A wraith (Lair:5)
  A yak (Lair:1)
  2 orcs (D:10)
  40 fungi
  37 plants
83 creatures vanquished.

Grand Total: 386 creatures vanquished

Notes
Turn   | Place    | Note
-------+----------+-------------------------------------------
     0 | D:1      | MisterFreud the Draconian Transmuter began the quest for
                  | the Orb.
     0 | D:1      | Reached XP level 1. HP: 16/16 MP: 3/3
     6 | D:1      | Noticed a lindwurm
     6 | D:1      | Noticed a wolf
     6 | D:1      | Noticed a wyvern
     7 | D:1      | Noticed an iguana
   575 | D:1      | Reached XP level 2. HP: 23/23 MP: 5/5
  1138 | D:1      | Learned a level 2 spell: Wereblood
  1141 | D:1      | Learned a level 2 spell: Blink
  1185 | D:2      | Reached XP level 3. HP: 28/28 MP: 4/6
  1361 | D:2      | Identified the +1 short sword "Esowuaz" {speed, rC+ Dex+2}
  1823 | D:2      | Found Enozith's Antique Armour Shop.
  2023 | D:2      | Reached XP level 4. HP: 35/35 MP: 5/7
  2149 | D:3      | Found Xohoqig's General Store.
  2158 | D:3      | Bought a potion of curing for 39 gold pieces
  2303 | D:3      | Found a faded altar of an unknown god.
  2635 | D:3      | Found a runed translucent door.
  2636 | D:3      | Noticed Crazy Yiuf
  2709 | D:4      | Found a large runed translucent door.
  2711 | D:4      | Found a large runed translucent door.
  2711 | D:4      | Noticed kwass's ghost (novice GnFi)
  2739 | D:4      | Noticed Ijyb
  2770 | D:5      | Entered Level 5 of the Dungeon
  2771 | D:5      | Noticed an ice beast
  2809 | D:5      | HP: 1/35 [orc/+0 falchion (7)]
  3184 | D:2      | Learned a level 3 spell: Spider Form
  3348 | D:4      | Noticed a scorpion
  3358 | D:4      | Killed a scorpion
  3359 | D:4      | Reached XP level 5. HP: 40/40 MP: 4/9
  3432 | D:4      | Killed Ijyb
  3433 | D:4      | Reached skill level 5 in Transmutations
  3844 | D:4      | Found a glowing golden altar of the Shining One.
  3916 | D:4      | Noticed Blork the orc
  3928 | D:4      | Killed Blork the orc
  4272 | D:4      | Reached XP level 6. HP: 10/49 MP: 7/10
  4655 | D:5      | Killed an ice beast
  4918 | D:5      | Found a snail-covered altar of Cheibriados.
  4924 | D:5      | Your scales start taking on an icy white colour.
  4924 | D:5      | Reached XP level 7. HP: 56/58 MP: 7/11
  4924 | D:5      | Gained mutation: Your flesh is cold resistant. (rC+) [White
                  | Draconian growth]
  4929 | D:5      | Learned a level 4 spell: Ice Form
  4951 | D:5      | Found a glowing silver altar of Zin.
  4951 | D:5      | Found a large runed translucent door.
  4951 | D:5      | Found a large runed translucent door.
  4952 | D:5      | Found a bloodstained altar of Trog.
  5253 | D:5      | Reached skill level 1 in Ice Magic
  5253 | D:5      | Noticed Eustachio
  5758 | D:6      | Killed Eustachio
  5759 | D:6      | Reached skill level 5 in Unarmed Combat
  6051 | D:5      | Found a shimmering altar of Xom.
  6510 | D:6      | Noticed Duvessa
  6510 | D:6      | Noticed Dowan
  6656 | D:7      | Reached XP level 8. HP: 6/66 MP: 1/12
  7550 | D:6      | Killed Duvessa
  7551 | D:6      | Reached skill level 5 in Dodging
  7681 | D:6      | Killed Dowan
  8485 | D:7      | Noticed Menkaure
  8494 | D:7      | Killed Menkaure
  8495 | D:7      | Reached XP level 9. HP: 69/72 MP: 8/13
  8721 | D:7      | Found a staircase to the Ecumenical Temple.
  8925 | D:8      | Reached skill level 5 in Fighting
  9572 | D:8      | Identified the ring "Xatuokuc" {*Corrode Fly Int+6}
  9973 | D:8      | Reached XP level 10. HP: 77/88 MP: 9/14
 10541 | Temple   | Entered the Ecumenical Temple
 10564 | Temple   | Became a worshipper of Ru the Awakened
 10633 | D:9      | Found an ancient bone altar of Kikubaaqudgha.
 10633 | D:9      | Found a radiant altar of Vehumet.
 10814 | D:9      | Reached skill level 10 in Unarmed Combat
 11062 | D:9      | Found a staircase to the Lair.
 11253 | D:9      | Noticed a two-headed ogre
 11282 | D:9      | Killed a two-headed ogre
 11491 | D:9      | Found a hide-covered altar of Uskayaw.
 11721 | D:10     | Entered Level 10 of the Dungeon
 12105 | D:10     | Gained mutation: You are somewhat unskilled. (-1 Apt) [Ru
                  | sacrifice]
 12105 | D:10     | Reduced skill Transmutations to level 5
 12105 | D:10     | Reached * piety under Ru
 12340 | D:10     | Noticed Maggie
 12365 | D:10     | Killed Maggie
 12634 | D:10     | Reached skill level 1 in Evocations
 12848 | D:11     | Noticed a manticore
 12861 | D:11     | Killed a manticore
 13008 | D:11     | Noticed a two-headed ogre
 13026 | D:11     | Killed a two-headed ogre
 13027 | D:11     | Reached XP level 11. HP: 61/92 MP: 8/15
 13226 | D:11     | Got the Collected Works on Black Secrets
 13679 | D:11     | Noticed a two-headed ogre
 13679 | D:11     | Noticed a two-headed ogre
 13691 | D:11     | Killed a two-headed ogre
 13913 | D:11     | Killed a two-headed ogre
 14258 | Lair:1   | Entered Level 1 of the Lair of Beasts
 14876 | Lair:2   | Reached skill level 10 in Unarmed Combat
 16152 | Lair:2   | Reached skill level 5 in Evocations
 16158 | Lair:2   | Reached XP level 12. HP: 101/101 MP: 10/16
 16394 | Lair:2   | Gained mutation: You are somewhat inexperienced. (-2 XL)
                  | [Ru sacrifice]
 16394 | Lair:2   | Reached XP level 11. HP: 94/94 MP: 15/15
 16394 | Lair:2   | Reached XP level 10. HP: 88/88 MP: 14/14
 16394 | Lair:2   | Reached ** piety under Ru
 16394 | Lair:2   | Reached *** piety under Ru
 17083 | Lair:2   | Found a staircase to the Swamp.
 17728 | Lair:1   | Noticed a five-headed hydra
 17740 | Lair:1   | HP: 3/105 [five-headed hydra (10)]
 17742 | Lair:1   | Killed a five-headed hydra
 18534 | Lair:1   | Identified the +0 cloak of the Sky {+Blink rF- rN+ Dex+4
                  | Slay+2}
 18885 | Lair:3   | Reached skill level 10 in Dodging
 19176 | Lair:3   | Noticed a boulder beetle
 19196 | Lair:3   | Killed a boulder beetle
 19353 | Lair:3   | Reached skill level 10 in Transmutations
 19684 | Lair:3   | Noticed a boulder beetle
 19705 | Lair:3   | Killed a boulder beetle
 20145 | Lair:3   | Gained mutation: You are hated by all. [Ru sacrifice]
 20145 | Lair:3   | Reached **** piety under Ru
 20145 | Lair:3   | Reached ***** piety under Ru
 20293 | Lair:3   | Found a hole to the Spider Nest.
 20750 | Lair:4   | Found a transporter.
 20750 | Lair:4   | Noticed Plog's ghost (journeyman GrBe)
 20754 | Lair:4   | Noticed a six-headed hydra
 20964 | Lair:4   | Found a transporter.
 20982 | Lair:4   | Found a white marble altar of Elyvilon.
 21276 | Lair:5   | Noticed a catoblepas
 21290 | Lair:4   | Killed a catoblepas
 21291 | Lair:4   | Reached XP level 11. HP: 71/94 MP: 9/15
 21631 | Lair:5   | Found a staircase to the Slime Pits.
 21986 | Lair:5   | Noticed Josephine
 21996 | Lair:5   | Killed Josephine
 22548 | Lair:5   | Reached skill level 5 in Spellcasting
 23318 | Lair:5   | Engulfed by a cloud of flame

Illustrated notes

Levels and vault maps discovered:
D:1:      onia_arrival_zoo_common, layout_basic, minmay_bisected
D:2:      layout_rooms, serial_shops, shop_statue
D:3:      layout_rooms, basic_ecumenical_altar, serial_shops, shop,
          uniq_crazy_yiuf_cottage
D:4:      layout_basic, nicolae_tso_carved_into_rock,
          ebering_ghost_disaster_area, minivault_19, uniq_blork_the_orc,
          uniq_ijyb
D:5:      due_chaos_kobolds, layout_cave_pools,
          chequers_temple_overflow_statue_of_worship, uniq_eustachio
D:6:      layout_basic, columned_hall_lemuel, st_stairs_14, amethyst_killhole,
          water_maze_lemuel, uniq_duvessa
D:7:      layout_cave_pools, minmay_temple_entry_glass, uniq_menkaure
D:8:      layout_loops_ring
D:9:      layout_irregular_city, nicolae_overflow_hidden_temple,
          erik_lair_island
D:10:     layout_loops_ring, uniq_maggie
D:11:     layout_small_grid
Temple:   regret_index_temple_waves
Lair:1:   layout_regular_city, grunt_megastairs_2, infiniplex_staircase_pool
Lair:2:   layout_regular_city, minmay_swamp_entry_worms,
          chequers_serial_rivers_micro_e, grunt_megastairs_3
Lair:3:   layout_misc_corridors, nicolae_spider_entry_orb_guardian,
          nzn_sisyphean_effort, infiniplex_staircase_pool_2
Lair:4:   layout_regular_city, basic_altar, gammafunk_ghost_arena,
          gammafunk_lair_bear_cave, lemuel_fruit_fields
Lair:5:   layout_roguey, slime_altar_1, beast_lair_carwin_11,
          serial_bayou_shore_b, uniq_josephine

Skill      XL: |  1  2  3  4  5  6  7  8  9 10 11 12 |
---------------+-------------------------------------+-----
Transmutations | 3 4 5 6 10 7 8 | 10.8
Spellcasting   | 3 3 5 |  5.0
Fighting       | 2 3 4 7 7 8 |  8.0
Dodging        | 2 3 6 10 8 9 | 10.0
Unarmed Combat | 4 5 6 8 9 10 | 10.0
Ice Magic      | 3 4 4 |  4.0
Evocations     | 1 7 |  7.9

Action                   |  1- 3 |  4- 6 |  7- 9 | 10-12 || total
-------------------------+-------+-------+-------+-------++-------
Melee: Unarmed           |   102 |   113 |   275 |   725 ||  1215
       Headbutt          |    16 |     3 |       |       ||    19
       Kick              |    24 |     8 |       |       ||    32
       Tailslap          |     3 |     6 |     3 |    10 ||    22
       Punch             |     1 |     4 |       |     2 ||     7
Throw: Dart              |       |       |       |    13 ||    13
 Cast: Beastly Appendage |    31 |    13 |       |     1 ||    45
       Wereblood         |     1 |       |       |       ||     1
       Spider Form       |       |     8 |    23 |    20 ||    51
       Blink             |       |     4 |     4 |     1 ||     9
       Ice Form          |       |       |     8 |    57 ||    65
Invok: Draw Out Power    |       |       |       |     1 ||     1
       Sacrifice Love    |       |       |       |     1 ||     1
       Sacrifice Experie |       |       |       |     1 ||     1
       Sacrifice Skill   |       |       |       |     1 ||     1
 Abil: End Transformatio |       |     1 |     1 |       ||     2
       Breathe Frost     |       |       |     5 |     1 ||     6
Evoke: Wand              |       |       |       |     3 ||     3
       Condenser vane    |       |       |       |     1 ||     1
  Use: Scroll            |       |     2 |     2 |    11 ||    15
       Potion            |       |       |     1 |     1 ||     2
 Stab: Confused          |       |       |     1 |       ||     1
       Invisible         |       |       |       |     2 ||     2
       Petrified         |       |       |       |     6 ||     6
Armor: Skin              |    24 |    39 |    36 |   143 ||   242
Dodge: Dodged            |    50 |    83 |   211 |   496 ||   840
